 Dungeon Crawl Stone Soup version 0.31-a0-44-g49d609d0da (webtiles) character file.

Game seed: 1218888703264091800

55 porpoise the Shooter (level 3, -6/22 HPs)
             Began as a Tengu Hunter on May 21, 2023.
             Mangled by Robin
             ... wielding a +0 trident
              (7 damage)
             ... on level 2 of the Dungeon.
             The game lasted 00:03:05 (1272 turns).

porpoise the Shooter (Tengu Hunter)                 Turns: 1272, Time: 00:03:05

Health: -6/22      AC:  5    Str: 11    XL:     3   Next: 93%
Magic:  4/4        EV: 11    Int:  9    God:
Gold:   91         SH:  0    Dex: 19    Spells: 2/2 levels left

rFire   . . .        a - +0 shortbow
rCold   . . .        (shield currently unavailable)
rNeg    . . .        p - +0 ring mail
rPois   .            (helmet restricted)
rElec   .            (no cloak)
rCorr   .            (no gloves)
SInv    .            (boots unavailable)
Will    .....        (no amulet)
Stlth   +            (no ring)
HPRegen 0.23/turn    (no ring)
MPRegen 0.09/turn

%: no passive effects
@: mighty
A: beak, talons 3
a: no special abilities


You were on level 2 of the Dungeon.
You visited 1 branch of the dungeon, and saw 2 of its levels.

You collected 91 gold pieces.

Inventory:

Hand Weapons
 a - a +0 shortbow (weapon)
Armour
 c - a +0 leather armour
 p - a +0 ring mail (worn)
Wands
 g - a wand of flame (27)
Scrolls
 b - 2 scrolls of immolation
 d - a scroll of fog {unknown}
 i - a scroll of noise {unknown}
 j - a scroll of torment {unknown}
 k - a scroll of magic mapping {unknown}
 m - a scroll of enchant weapon {unknown}
 n - a scroll of fear {unknown}
Potions
 e - a potion of lignification
 l - a potion of curing {unknown}
 o - a potion of mutation {unknown}


   Skills:
 + Level 2.8 Fighting
 * Level 5.5 Ranged Weapons
 - Level 2.1 Dodging
 - Level 1.0 Stealth


You had 2 spell levels left.
You didn't know any spells.
Your spell library was empty.

Dungeon Overview and Level Annotations

Branches:
Dungeon (2/15)

Altars:

Annotations:
D:2 Robin


Innate Abilities, Weirdness & Mutations

You have a beak for a mouth.
You have claws for feet.


Message History

You shoot an arrow. The arrow hits the goblin.
You kill the goblin!
The goblin no longer looks unusually strong.
Robin hits you from afar with a +0 trident.
* * * LOW HITPOINT WARNING * * *
The goblin hits you with a +0 club.
* * * LOW HITPOINT WARNING * * *
The goblin hits you but does no damage. Robin barely misses you.
You feel very mighty all of a sudden.
Robin says, "Kneel, worm!"
Robin roars a battlecry!
The goblin goes into a battle-frenzy!
The goblin barely misses you.
Fire: a) +0 shortbow
Press: ? - help, Q - select action, (/) - cycle Shift-Dir - straight line, f/p - Robin
Aim: Robin, wielding a +0 trident, wearing a +0 animal skin and wearing a +0 helmet (71% to hit)
You shoot an arrow. The arrow closely misses Robin.
Robin barely misses you. The goblin hits you but does no damage.
Fire: a) +0 shortbow
Press: ? - help, Q - select action, (/) - cycle Shift-Dir - straight line, f/p - Robin
Aim: Robin, wielding a +0 trident, wearing a +0 animal skin and wearing a +0 helmet (71% to hit)
You shoot an arrow. The arrow hits Robin.
Robin is moderately wounded.
Robin closely misses you. The goblin hits you with a +0 club.
* * * LOW HITPOINT WARNING * * *
Robin barely misses you. The goblin closely misses you.
Fire: a) +0 shortbow
Press: ? - help, Q - select action, (/) - cycle Shift-Dir - straight line, f/p - Robin
Aim: Robin, wielding a +0 trident, wearing a +0 animal skin and wearing a +0 helmet (moderately wounded, 71% to hit)
You shoot an arrow. The arrow closely misses Robin.
Robin misses you. The goblin hits you with a +0 club.
* * * LOW HITPOINT WARNING * * *
Fire: a) +0 shortbow
Press: ? - help, Q - select action, (/) - cycle Shift-Dir - straight line, f/p - Robin
Aim: Robin, wielding a +0 trident, wearing a +0 animal skin and wearing a +0 helmet (moderately wounded, 71% to hit)
You shoot an arrow.
The arrow hits Robin but does no damage.
Robin is moderately wounded.
Robin hits you from afar with a +0 trident!
You die...

## # ... #.# ....
#... .....
#....#######......
#........g@)g))...
.........###......
.....###.# .....
###. #.# .... #.#
... #.# ..
#.########. .†
#........+
.#..##.#..#####


You could see Robin and a goblin (strong).

Vanquished Creatures
  An adder (D:2)
  3 dart slugs
  2 ball pythons
  3 bats
  2 endoplasms (D:1)
  A giant cockroach (D:1)
  12 goblins
  2 hobgoblins (D:2)
  A quokka (D:2)
  4 frilled lizards (D:1)
  4 kobolds (D:1)
  2 rats
37 creatures vanquished.

Notes
Turn   | Place    | Note
-------+----------+-------------------------------------------
     0 | D:1      | porpoise the Tengu Hunter began the quest for the Orb.
     0 | D:1      | Reached XP level 1. HP: 12/12 MP: 2/2
   217 | D:1      | Reached XP level 2. HP: 17/17 MP: 3/3
   289 | D:1      | Found a faded altar of an unknown god.
   559 | D:1      | Reached skill level 5 in Ranged Weapons
   852 | D:1      | Reached XP level 3. HP: 22/22 MP: 4/4
  1251 | D:2      | Noticed Robin
  1265 | D:2      | HP: 1/22 [goblin/+0 club[Robin] (3)]
  1271 | D:2      | HP: 1/22 [goblin/+0 club[Robin] (2)]
  1272 | D:2      | Mangled by Robin

Illustrated notes

Levels and vault maps discovered:
D:1:      amcnicky_arrival_flooded_fountain, layout_basic,
          basic_ecumenical_altar
D:2:      layout_basic, uniq_robin

Skill      XL: |  1  2 |
---------------+-------+-----
Ranged Weapons | 5 |  5.5
Fighting       | |  2.8
Dodging        | |  2.1
Stealth        | |  1.0

Action                     || total
---------------------------++-------
   Fire: Shortbow          ||    77
    Use: Scroll            ||     3
         Potion            ||     2
 Armour: Leather armour    ||     4
         Ring mail         ||     8
  Dodge: Dodged            ||    25

Table legend: (Time is in decaauts)
 A = Elapsed time spent in this place.
 B = Non-inter-level travel time spent in this place.
 C = Inter-level travel time spent in this place.
 D = Time resting spent in this place.
 E = Time spent auto-exploring this place.
 F = Levels seen in this place.
 G = Mean time per level.
                   A        B        C        D        E       F      G
               +--------+--------+--------+--------+--------+-----+--------+
         Total |   1296 |   1206 |     90 |     28 |   1002 |   2 |  648.0 |
       Dungeon |   1296 |   1206 |     90 |     28 |   1002 |   2 |  648.0 |
               +--------+--------+--------+--------+--------+-----+--------+

Top non-repeatable levels by time:
     D:1: 932 daAuts
     D:2: 364 daAuts
